 Dungeon Crawl Stone Soup version 0.17.2-1-ge4368a0 (webtiles) character file.

32 Goblin1989 the Sneak (level 3, -1/28 HPs)
             Began as a Human Enchanter on Jan 10, 2017.
             Slain by an orc
             ... wielding a +0 flail
              (5 damage)
             ... on level 3 of the Dungeon.
             The game lasted 00:12:40 (663 turns).

Goblin1989 the Sneak (Human Enchanter)               Turns: 663, Time: 00:12:40

Health: -1/28      AC:  3    Str:  9    XL:     3   Next: 42%
Magic:  1/6        EV: 12    Int: 15    God:
Gold:   77         SH:  0    Dex: 13    Spells: 2 memorised, 2 levels left

rFire  . . .     SeeInvis .     a - +1 dagger
rCold  . . .     Clarity  .     b - +1 robe
rNeg   . . .     SustAt   .     (no shield)
rPois  .         Gourm    .     (no helmet)
rElec  .         Spirit   .     (no cloak)
rCorr  .         Warding  .     (no gloves)
rMut   .         Stasis   .     (no boots)
MR     .....                    (no amulet)
Stlth  ++........               (no ring)
                                i - ring of invisibility

@: not resistant to hostile enchantments, unstealthy
A: no striking features
a: Evoke Invisibility


You were on level 3 of the Dungeon.
You were not hungry.

You visited 1 branch of the dungeon, and saw 3 of its levels.

You collected 77 gold pieces.

Inventory:

Hand Weapons
 a - a +1 dagger (weapon)
Armour
 b - a +1 robe (worn)
Jewellery
 i - a ring of invisibility (left hand)
Scrolls
 f - 2 scrolls of identify {unknown}
 k - 3 scrolls of teleportation {unknown}
Potions
 e - a potion of cancellation {unknown}
 g - a potion of agility {unknown}
 h - a potion of might {unknown}
 j - a potion of haste {unknown}
 l - a potion of degeneration {unknown}
Books
 c - a book of Maledictions

   Spells                             Type                      Level
   a - Corona                         Hexes                        1
   b - Ensorcelled Hibernation        Hexes/Ice                    2
   c - Confuse                        Hexes                        3
   d - Tukima's Dance                 Hexes                        3
   e - Dazzling Spray                 Conjuration/Hexes            3
Comestibles
 d - a bread ration {@e1}


   Skills:
 - Level 2.6 Fighting
 - Level 1.0 Short Blades
 + Level 2.0 Dodging
 - Level 3.0 Stealth
 - Level 2.0 Spellcasting
 + Level 3.0 Hexes


You had 2 spell levels left.
You knew the following spells:

 Your Spells              Type           Power        Failure   Level  Hunger
a - Corona                Hex            ##.....      8%          1    #......
x - Confuse               Hex            ##......     21%         3    ###....


Dungeon Overview and Level Annotations

Branches:
Dungeon (3/15)

Altars:


Message History

The orc is heavily wounded.
The orc hits you.
* * * LOW HITPOINT WARNING * * *
You take 1 damage, and have 10/28 hp.
You hit the orc.
You kill the orc!
The orc throws a tomahawk.
The tomahawk misses you. The orc hits you with a flail.
* * * LOW HITPOINT WARNING * * *
Your magical contamination has completely faded away.
Items here: ( ) [ †† a dagger; 3 tomahawks; a ring mail; an orc corpse; an orc corpse You take 6 damage, and have 4/28 hp.
MASSIVE DAMAGE!!
Casting: Corona
Confirm with . or Enter, or press ? or * to list all spells.
Aiming: Corona
Press: ? - help, Shift-Dir - straight line, f - orc
Aim: an orc, wielding a flail and wearing a scale mail (chance to defeat MR: 81%)
The orc is outlined in light.
The orc hits you with a flail.
You die...

█.█.██..███......█
█.█......██.█...█
█.████...██.██(█████
█.█ █........(....█
█.████..███.██.█████
█<>.....█ █.██.█
██████.████.██.█
█......██.█


█████████@█ █o█ █.█ ... █.█ ... ... ... You could see an orc.

Vanquished Creatures
  2 orcs (D:3)
  6 bats
  2 giant cockroaches (D:1)
  3 goblins
  5 hobgoblins
  A quokka (D:3)
  A ball python (D:2)
  A giant gecko (D:1)
  2 giant newts (D:1)
  2 kobolds (D:1)
  4 rats
29 creatures vanquished.

Notes
Turn   | Place    | Note
--------------------------------------------------------------
     0 | D:1      | Goblin1989 the Human Enchanter began the quest for the Orb.
     0 | D:1      | Reached XP level 1. HP: 13/13 MP: 3/3
    66 | D:1      | Reached skill level 1 in Fighting
   119 | D:1      | Reached XP level 2. HP: 5/21 MP: 5/5
   387 | D:2      | Reached XP level 3. HP: 17/28 MP: 6/6
   617 | D:3      | Learned a level 3 spell: Confuse
   663 | D:3      | Slain by an orc

Action                   || total
-------------------------++-------
Melee: Dagger            ||   109
 Cast: Corona            ||    10
 Stab: Sleeping          ||     5

Vault maps used:
D:1:      lightli_arrival_farm, minmay_door_square, minmay_distorted
D:2:      kennysheep_pointless_box
D:3:      kennysheep_six_static_rooms, minitemple,
          nicolae_gozag_zags_fifth_avenue, gammafunk_temple_overflow_elements,
          guppyfry_early_orc_mine
